 Dungeon Sprint DCSS version 0.18-a0-1805-g8ab820f (webtiles) character file.

1462 Kidiri the Covert (level 8, -1/42 HPs)
             Began as a Spriggan Enchanter on Apr 26, 2016.
             Was an Initiate of Dithmenos.
             Slain by a kraken (34 damage)
             ... in the Dungeon (Sprint II: "The Violet Keep of Menkaure").
             The game lasted 00:07:09 (1774 turns).

Kidiri the Covert (Spriggan Enchanter)              Turns: 1774, Time: 00:07:10

Health: -1/42      AC:  4    Str:  4    XL:     8   Next: 48%
Magic:  27/31      EV: 23    Int: 23    God:    Dithmenos [......]
Gold:   323        SH:  6    Dex: 17    Spells: 5 memorised, 13 levels left

rFire  . . .     SeeInvis +     a - +1 dagger
rCold  . . .     Gourm    .     k - +1 robe "Zuigory" {MP+9}
rNeg   . . .     Faith    .     j - +0 buckler
rPois  .         Spirit   .     (helmet restricted)
rElec  .         Dismiss  .     l - +0 cloak
rCorr  .         Reflect  .     (gloves unavailable)
SustAt .         Harm     .     (boots unavailable)
MR     ++...     NoTele   +     (no amulet)
Stlth  ++++++....               w - ring of protection from magic
                                m - +5 ring of intelligence

@: very quick, very resistant to hostile enchantments, very stealthy
A: unfitting armour, see invisible, herbivore 3, speed 3, slow metabolism 2
a: Renounce Religion


You were in the Dungeon.
You worshipped Dithmenos.
Dithmenos was noncommittal.
You were not hungry.

You visited 1 branch You collected 1268 gold pieces.
You spent 945 gold pieces at shops.

Inventory:

Hand Weapons
 a - a +1 dagger (weapon)
Armour
 j - a +0 buckler (worn)
 k - the +1 robe "Zuigory" (worn) {MP+9}
   (You bought it in a shop in the Dungeon)

   It affects your magic capacity (+9).
 l - a +0 cloak (worn)
Jewellery
 m - a +5 ring of intelligence (left hand)
 w - a ring of protection from magic (right hand)
Scrolls
 r - a scroll of magic mapping {unknown}
 s - 2 scrolls of remove curse {unknown}
 t - 2 scrolls of fear {unknown}
 v - a scroll of recharging {unknown}
Potions
 e - 2 potions of curing
 f - a potion of heal wounds
 g - 2 potions of haste
 h - 5 potions of magic
 i - a potion of berserk rage
 o - 2 potions of lignification
 p - a potion of agility
 x - 3 potions of resistance {unknown}
 z - 3 potions of flight {unknown}
Comestibles
 d - 4 bread rations


   Skills:
 + Level 4.2 Fighting
 * Level 8.3 Short Blades
 * Level 5.7 Armour
 + Level 8.0 Dodging
 * Level 12.2 Stealth
 + Level 1.5 Shields
 * Level 9.4 Spellcasting
 + Level 2.8 Conjurations
 + Level 7.5 Hexes
 + Level 4.1 Ice Magic
 + Level 0.0 Invocations


You had 13 spell levels left.
You knew the following spells:

 Your Spells              Type           Power        Failure   Level  Hunger
a - Corona                Hex            #####..      1%          1    None
b - Ensorcelled Hibernat  Hex/Ice        #####.       1%          2    None
c - Confuse               Hex            #####...     1%          3    None
d - Tukima's Dance        Hex            #####...     1%          3    None
e - Dazzling Spray        Conj/Hex       ####....     3%          3    None


Dungeon Overview and Level Annotations

Branches:
Dungeon (1/1)

Altars:
Cheibriados
Dithmenos
Elyvilon
Fedhas
Gozag
Kikubaaqudgha
Makhleb
Nemelex Xobeh
Okawaru
Pakellas
Qazlal
Ru
Sif Muna
Trog
Vehumet
Xom
Yredelemnul
Zin
The Shining One
Beogh
Jiyva
Lugonu

Shops:
D !%:?(}=:[?!*[!=!

Annotations:
D exclusion: oklob plant, Kirke, Roxanne


Innate Abilities, Weirdness & Mutations

You are tiny and cannot use many weapons and most armour.
You have supernaturally acute eyesight.
You are a herbivore.
You cover ground extremely quickly.
You need consume almost no food.


Message History

Aim: a kraken (water, chance to defeat MR: 30%)
The kraken looks drowsy...
The helpless kraken fails to defend itself.
You skewer the kraken like a kebab!!!!
The kraken is heavily wounded.
The kraken bites you!!
Ouch! That really hurt!
Unknown command.
Drink which item? (? for menu, Esc to quit)
You feel much better. The kraken bites you!
Casting: Ensorcelled Hibernation
Confirm with . or Enter, or press ? or * to list all spells.
Aiming: Dazzling Spray
Press: ? - help, Shift-Dir - straight line, f/p - kraken
Aim: a kraken (water, heavily wounded)
The spray of energy hits the kraken.
The kraken is heavily wounded.
The kraken completely misses you. The kraken bites you!!
Ouch! That really hurt!
You die...

. k#||▓..%..%.)▓▓
.##.#}}▓(.[..)%.▓▓
...####▓........▓▓
#..##.#▓%).)(..)▓▓
+..#..#▓.......%▓▓
#..#..#▓(..([[.%▓▓
#.^##.#▓.(..).)(▓▓
##..)##▓▓▓▓▓▓▓'▓▓▓▓+▓
.÷≈≈≈≈≈≈≈≈≈≈≈≈..@X≈≈▓
.≈#+########+###.≈≈≈▓
.≈#.(._._._#t≈≈##≈≈≈▓
.≈#.._._._.#§§≈§####▓
≈≈#._._._._#≈§§≈≈#
§≈#_._._._.#§§§§≈§
≈≈#._._._..#§§§≈§≈
§≈#_._._...#≈§§§§
≈§#._._....#§§§§


You could see a kraken.

Vanquished Creatures
  A siren (D)
  A yaktaur (D)
  2 polar bears (D)
  2 hippogriffs (D)
  Menkaure (D)
  A wasp (D)
  A scorpion (D)
  4 worker ants (D)
  3 worms (D)
16 creatures vanquished.

Vanquished Creatures (others)
  A polar bear (D)
  A crocodile (D)
  4 tentacles (D)
  53 tentacle segments (D)
59 creatures vanquished.

Grand Total: 75 creatures vanquished

Notes
Turn   | Place    | Note
--------------------------------------------------------------
     0 | D        | Kidiri the Spriggan Enchanter began the quest for the Orb.
     0 | D        | Reached XP level 1. HP: 9/9 MP: 5/5
     4 | D        | Reached skill level 5 in Stealth
    11 | D        | Noticed an electric eel
    11 | D        | Noticed an electric eel
    12 | D        | Noticed an electric eel
    12 | D        | Noticed an electric eel
    12 | D        | Noticed an electric eel
    12 | D        | Noticed an electric eel
    14 | D        | Reached XP level 2. HP: 14/14 MP: 7/7
    29 | D        | Learned a level 2 spell: Ensorcelled Hibernation
    30 | D        | Noticed a hippogriff
    30 | D        | Noticed a hippogriff
    41 | D        | Killed a crocodile
    42 | D        | Reached skill level 1 in Fighting
    42 | D        | Reached skill level 1 in Armour
    42 | D        | Reached skill level 6 in Stealth
    42 | D        | Reached XP level 3. HP: 12/18 MP: 3/9
    44 | D        | Reached skill level 1 in Ice Magic
    71 | D        | Learned a level 3 spell: Confuse
    75 | D        | Learned a level 3 spell: Tukima's Dance
   281 | D        | Reached skill level 7 in Stealth
   281 | D        | Reached XP level 4. HP: 22/22 MP: 7/11
   293 | D        | Reached skill level 5 in Hexes
   697 | D        | Killed a hippogriff
   697 | D        | Reached skill level 5 in Short Blades
   697 | D        | Reached skill level 5 in Dodging
   697 | D        | Reached skill level 9 in Stealth
   697 | D        | Reached XP level 5. HP: 26/27 MP: 7/14
   709 | D        | Learned a level 3 spell: Dazzling Spray
   781 | D        | Killed a hippogriff
   781 | D        | Reached skill level 1 in Conjurations
   781 | D        | Reached XP level 6. HP: 32/32 MP: 4/17
   871 | D        | Noticed a siren
   893 | D        | Killed a siren
   893 | D        | Reached skill level 10 in Stealth
   893 | D        | Reached XP level 7. HP: 26/36 MP: 1/19
  1010 | D        | Noticed Menkaure
  1011 | D        | Found Jejudono's Jewellery Shoppe.
  1011 | D        | Found Cufuonit's Distillery.
  1011 | D        | Noticed Kirke
  1011 | D        | Noticed a yaktaur captain
  1011 | D        | Noticed a kobold demonologist
  1022 | D        | Killed Menkaure
  1022 | D        | Reached skill level 5 in Armour
  1022 | D        | Reached skill level 11 in Stealth
  1035 | D        | Noticed Roxanne
  1041 | D        | Found Esathaf's Assorted Antiques.
  1042 | D        | Found Resumpim's Magic Scroll Emporium.
  1042 | D        | Found Bahej's Antique Armour Shoppe.
  1048 | D        | Found Oliprapn's Book Shoppe.
  1048 | D        | Found Cenusiu's Distillery.
  1050 | D        | Found Kyfo's Distillery.
  1051 | D        | Found Osachat's Jewellery Shoppe.
  1051 | D        | Found Ovatisch's Gadget Emporium.
  1051 | D        | Found Metappoc's Antique Armour Shoppe.
  1054 | D        | Found Kuviul Ilisch's Antique Weapon Emporium.
  1054 | D        | Found Wypnul's Magic Scroll Shoppe.
  1054 | D        | Noticed a polar bear
  1054 | D        | Noticed a polar bear
  1054 | D        | Noticed an oklob plant
  1055 | D        | Found Jaojaimoemp's Food Shoppe.
  1055 | D        | Found Apuottiz's Book Shoppe.
  1055 | D        | Found Beggooh's Distillery.
  1055 | D        | Noticed a slime creature
  1055 | D        | Noticed a slime creature
  1056 | D        | Noticed a slime creature
  1060 | D        | Noticed a death yak
  1094 | D        | Bought a buckler for 130 gold pieces
  1094 | D        | Bought a shimmering robe for 165 gold pieces
  1094 | D        | Bought a cloak for 130 gold pieces
  1104 | D        | Identified the +1 robe "Zuigory" {MP+9} (You bought it in a shop in the Dungeon)
  1117 | D        | Bought a +5 ring of intelligence for 494 gold pieces
  1123 | D        | Bought a scroll of identify for 26 gold pieces
  1149 | D        | Found an opulent altar of Gozag.
  1150 | D        | Found a corrupted altar of Lugonu.
  1150 | D        | Found a radiant altar of Vehumet.
  1151 | D        | Found a shimmering altar of Xom.
  1151 | D        | Found an oddly glowing altar of Pakellas.
  1151 | D        | Found a white marble altar of Elyvilon.
  1151 | D        | Found a glowing golden altar of the Shining One.
  1152 | D        | Found a stormy altar of Qazlal.
  1152 | D        | Found a basalt altar of Yredelemnul.
  1152 | D        | Found an ancient bone altar of Kikubaaqudgha.
  1153 | D        | Found a bloodstained altar of Trog.
  1153 | D        | Found a snail-covered altar of Cheibriados.
  1153 | D        | Found a sacrificial altar of Ru.
  1154 | D        | Found a shadowy altar of Dithmenos.
  1154 | D        | Found a sparkling altar of Nemelex Xobeh.
  1154 | D        | Found an iron altar of Okawaru.
  1155 | D        | Found a viscous altar of Jiyva.
  1155 | D        | Found a blossoming altar of Fedhas.
  1157 | D        | Found a roughly hewn altar of Beogh.
  1157 | D        | Found a glowing silver altar of Zin.
  1157 | D        | Found a burning altar of Makhleb.
  1157 | D        | Found a deep blue altar of Sif Muna.
  1157 | D        | Noticed a polar bear
  1158 | D        | Noticed a yaktaur
  1159 | D        | Noticed a polar bear
  1160 | D        | Noticed a polar bear
  1176 | D        | Killed a polar bear
  1179 | D        | Killed a yaktaur
  1179 | D        | Reached XP level 8. HP: 9/42 MP: 12/21
  1191 | D        | Killed a polar bear
  1191 | D        | Reached skill level 1 in Shields
  1198 | D        | Killed a polar bear
  1198 | D        | Reached skill level 12 in Stealth
  1213 | D        | Became a worshipper of Dithmenos the Shadowed
  1430 | D        | Noticed a death drake
  1439 | D        | Noticed a kraken
  1774 | D        | Slain by a kraken

Vault maps used:
D:        the_violet_keep_of_menkaure

Skill      XL: |  1  2  3  4  5  6  7  8 |
---------------+-------------------------+-----
Stealth        | 5 6 7 9 10 11 12 | 12.2
Spellcasting   | 3 4 6 7 8 9 |  9.4
Short Blades   | 2 3 5 6 7 8 |  8.3
Hexes          | 4 5 6 7 |  7.5
Fighting       | 1 2 3 4 |  4.2
Armour         | 1 2 3 4 5 |  5.7
Dodging        | 4 5 6 7 8 |  8.0
Ice Magic      | 1 2 3 4 |  4.1
Conjurations   | 1 2 |  2.8
Shields        | 1 |  1.5

Action                   |  1- 3 |  4- 6 |  7- 9 || total
-------------------------+-------+-------+-------++-------
Melee: Dagger            |     7 |    22 |    20 ||    49
 Cast: Ensorcelled Hiber |     3 |    15 |     5 ||    23
       Tukima's Dance    |       |     3 |       ||     3
       Confuse           |       |       |     4 ||     4
       Dazzling Spray    |       |       |     3 ||     3
  Use: Scroll            |       |     1 |     3 ||     4
       Potion            |       |       |     1 ||     1
 Stab: Sleeping          |     6 |     3 |     3 ||    12
       Distracted        |       |     1 |       ||     1
       Confused          |       |       |     4 ||     4
Armor: Robe              |     1 |     1 |       ||     2
Dodge: Dodged            |     2 |    16 |     5 ||    23
Block: Buckler           |       |       |     1 ||     1
